Cogmind - Beta 11.1 @@@ ROGUE MODE // 2022.05.26 @ 22:21:44 Player: theq629 Result: Self-destructed Performance ------------- Evolutions (3) 1500 Regions Visited (5) 1000 Robots Destroyed (59) 295 Value Destroyed (1989) 1989 Prototype IDs (1) 20 Alien Tech Used (0) 0 Bonus (0) 0 TOTAL SCORE: 4804 Bonus ------- None Cogmind --------- Core Integrity 578/700 Matter 300/300 Energy 90/100 System Corruption 3% Temperature Cool (0) Movement Core (50) Location -7/Lower Caves Parts ------- > --- POWER (2) -------- (None) > --- PROPULSION (3) --- (None) > --- UTILITY (5) ------ Structural Scanner Signal Interpreter Hacking Suite > --- WEAPON (3) ------- Katana > --- INVENTORY (5) ---- Ion Engine Small Storage Unit ECM Suite Utility Shielding Improved Light Armor Plating Peak State ------------ > --- POWER ------------ Nuclear Core Nuclear Core > --- PROPULSION ------- Improved Flight Unit Improved Flight Unit Improved Flight Unit > --- UTILITY ---------- Large Storage Unit Signal Interpreter Light Armor Plating Improved Light Armor Plating > --- WEAPON ----------- Beam Rifle High-powered Shotgun Katana > --- INVENTORY -------- Ion Engine Improved Flight Unit Small Storage Unit Structural Scanner Visual Processing Unit Signal Interpreter Utility Shielding Improved Weapon Shielding Improved Light Armor Plating Hacking Suite Datajack [Rating: 31] Favorites ----------- Power Nuclear Core Engine Improved Ion Engine Power Core Nuclear Core Propulsion Light Treads Treads Light Treads Leg Aluminum Leg Flight Unit Improved Flight Unit Utility Large Storage Unit Device Terrain Scanner Storage Large Storage Unit Processor Signal Interpreter Hackware Hacking Suite Protection Light Armor Plating Weapon Beam Rifle Energy Gun Beam Rifle Ballistic Gun High-powered Shotgun Launcher Missile Launcher Slashing Weapon Katana Build | -11 -10 -9 -8 -7 -7 ------- Run | Scr Mat Mat Mat Fac Low Slots Evolved 6 | . . 2 2 2 . Power 1 | . . 1 . . . Propulsion 1 | . . . 1 . . Utility 3 | . . 1 . 2 . Weapon 1 | . . . 1 . . Parts Attached 80 | 7 2 11 41 18 1 Power 17 | 1 . 3 11 2 . Engine 10 | 1 . 3 6 . . Core 7 | . . . 5 2 . Reactor . | . . . . . . Propulsion 25 | 2 . 2 12 8 1 Treads 12 | 2 . 2 8 . . Leg 10 | . . . 4 5 1 Wheel . | . . . . . . Hover . | . . . . . . Flight 3 | . . . . 3 . Utility 18 | 2 1 2 5 8 . Device 2 | . . 1 . 1 . Storage 4 | 2 1 . . 1 . Processor 1 | . . . 1 . . Hackware 1 | . . . . 1 . Protection 10 | . . 1 4 5 . Artifact . | . . . . . . Weapon 20 | 2 1 4 13 . . Energy Gun 9 | 2 1 2 4 . . Energy Cannon . | . . . . . . Ballistic Gun 8 | . . 2 6 . . Ballistic Cannon . | . . . . . . Launcher 2 | . . . 2 . . Special Weapon . | . . . . . . Impact Weapon . | . . . . . . Slashing Weapon 1 | . . . 1 . . Piercing Weapon . | . . . . . . Special Melee Weapon . | . . . . . . Unidentified Prototypes 1 | . . . . 1 . Parts Lost 28 | . . 1 17 . 10 Power 7 | . . 1 4 . 2 Propulsion 9 | . . . 5 . 4 Utility 4 | . . . 2 . 2 Weapon 8 | . . . 6 . 2 Highest Loss Streak 10 | . . 1 10 . 5 To Critical Strikes . | . . . . . . Average Slot Usage (%) 96 | . 100 99 96 98 84 Engine 9 | . 14 22 11 . . Core 7 | . . . 6 14 11 Treads 14 | . 28 22 21 . . Leg 8 | . . . 4 22 12 Device 6 | . . 11 6 6 7 Storage 10 | . 28 15 9 6 6 Processor 3 | . . . 2 7 7 Hackware 2 | . . . . 6 7 Protection 7 | . . 6 8 6 6 Energy Gun 11 | . 28 14 9 7 7 Ballistic Gun 8 | . . 7 12 7 6 Slashing Weapon 3 | . . . 2 7 7 Naked Turns . | . . . . . . Heaviest Build 55 | 15 29 41 55 46 46 Greatest Support 60 | 40 40 40 60 35 35 Greatest Overweight (x) 12 | . . 1 3 2 12 Average Overweight (x) . | . . . . . 3 Largest Inventory Capacity 15 | 8 15 15 15 15 15 Average Capacity 14 | 6 9 15 15 14 14 Most Carried 15 | 2 9 15 15 15 14 Average Carried 11 | . 6 12 13 11 13 Final Capacity 15 | 8 15 15 15 15 5 Final Carried 15 | 2 9 15 15 14 5 Class Distribution -------------------- 54% | Scavenger-Mutant 23% | Mutant 17% | Scavenger-Tank 4% | Tank Dominant Class ---------------- Mutant | -10/Materials Mutant | -9/Materials Scavenger-Tank | -8/Materials Scavenger-Mutant | -7/Factory Scavenger-Mutant | -7/Lower Caves Resources | -11 -10 -9 -8 -7 -7 ----------- Run | Scr Mat Mat Mat Fac Low Matter Collected 1545 | 281 29 151 805 125 154 Remotely . | . . . . . . Salvage Created 2140 | 69 155 486 1159 125 146 Parts 151 | 10 15 29 79 8 10 Haulers Intercepted 1 | . . . 1 . . Recyclers Shooed 2 | 1 . . 1 . . Parts Field Recycled . | . . . . . . Retrieved Matter . | . . . . . . Parts Self-Destructed 10 | . . . . . 10 Prevented . | . . . . . . Kills | -11 -10 -9 -8 -7 -7 ------- Run | Scr Mat Mat Mat Fac Low Combat Hostiles Destroyed 46 | . 5 10 22 2 7 Melee 1 | . . . 1 . . Guns 41 | . 5 10 17 2 7 AOE 4 | . . . 4 . . Classes Destroyed 14 | 2 3 3 6 . . Worker 4 | 1 . 1 2 . . Builder 1 | . . . 1 . . Tunneler 3 | 2 . . 1 . . Hauler 1 | . . . 1 . . Recycler 1 | . . . 1 . . Watcher 3 | . 1 1 1 . . Swarmer 10 | . 3 . . . 7 Grunt 18 | . 2 6 10 . . Brawler 1 | . . 1 . . . Duelist 2 | . . 1 1 . . Sentry 9 | . . 2 5 2 . Specialist 2 | . . . 2 . . Hunter 3 | . . . 3 . . Heavy 1 | . . . 1 . . Best Kill Streak 5 | 2 3 4 5 1 3 Combat Bots Only 3 | . 3 3 3 1 3 Max Kills in Single Turn 4 | 1 1 2 4 1 1 Gunslinging . | . . . . . . Exploded 1 | . . . 1 . . Melee 1 | . . . 1 . . Uniques/NPCs Destroyed . | . . . . . . Combat | -11 -10 -9 -8 -7 -7 -------- Run | Scr Mat Mat Mat Fac Low Damage Taken 4114 | . 228 397 2441 155 893 Core 421 | . 9 113 177 16 106 Absorbed by Shields . | . . . . . . Core Remaining (%) 83 | 100 96 71 67 . . Volleys Fired 139 | 6 11 22 72 4 24 Largest 3 | 2 2 2 3 2 2 Hottest 115 | 80 80 80 115 81 81 Shots Fired 306 | 12 22 44 173 8 47 Gun 297 | 12 22 44 164 8 47 Cannon . | . . . . . . Launcher 9 | . . . 9 . . Special . | . . . . . . Kinetic 143 | . . 14 102 4 23 Thermal 106 | . 6 18 54 4 24 Explosive 9 | . . . 9 . . Electromagnetic 48 | 12 16 12 8 . . Robot Hit Streak 12 | 2 7 12 11 4 3 Robot Miss Streak 8 | 2 1 2 6 2 8 Penetration Max . | . . . . . . Secondary Targets 4 | . . 1 3 . . Max Gunslinging Chain 1 | . . 1 1 . . Shots Hit Robots 189 | 7 16 32 107 7 20 Core Hits 114 | 3 7 23 60 7 14 Critical Kills 1 | . . . . 1 . Critical Parts Destroyed . | . . . . . . Critical Strikes 5 | 1 . . 1 1 2 Burn 3 | . . . 1 . 2 Destroy 1 | . . . . 1 . Corrupt 1 | 1 . . . . . Melee Attacks 1 | . . . . 1 . Impact . | . . . . . . Slashing 1 | . . . . 1 . Piercing . | . . . . . . Sneak Attacks . | . . . . . . Combat Hostiles . | . . . . . . Follow-up Attacks . | . . . . . . Damage Inflicted 3661 | 175 231 432 2353 125 345 Guns 2772 | 101 200 432 1596 98 345 Cannons . | . . . . . . Explosions 816 | 74 31 . 711 . . Melee 27 | . . . . 27 . Ramming 46 | . . . 46 . . Kinetic 1492 | . . 154 1068 70 200 Thermal 1330 | 74 98 153 832 28 145 Explosive 358 | . . . 358 . . Electromagnetic 408 | 101 133 125 49 . . Impact . | . . . . . . Slashing 27 | . . . . 27 . Piercing . | . . . . . . Highest Corruption 3 | . . . . 3 3 Average Corruption 2 | . . . . 2 3 Corruption Purged . | . . . . . . Corruption Blocked . | . . . . . . Effects 8 | . . . . . 8 Message Errors 3 | . . . . . 3 Matter Fused 1 | . . . . . 1 Heat Flow Errors 1 | . . . . . 1 Energy Discharges 1 | . . . . . 1 Data Loss (minor) 1 | . . . . . 1 Misfires 1 | . . . . . 1 Overload Shots . | . . . . . . Overflow Damage 128 | . . . 128 . . Projectiles . | . . . . . . Explosions 128 | . . . 128 . . Melee . | . . . . . . Knockbacks . | . . . . . . Impact . | . . . . . . Kinetic . | . . . . . . Secondary . | . . . . . . Self-Inflicted Damage 68 | . 68 . . . . Shots 2 | . 2 . . . . Rammed 16 | . . . 16 . . Targets Rammed 17 | . . . 17 . . Kicked . | . . . . . . Crushed 1 | . . . 1 . . Highest Temperature 498 | 72 108 136 498 54 236 Average Temperature 110 | 30 41 54 147 22 81 Received Heat Transfer 999 | . 60 132 783 24 . Effects 20 | . . . 20 . . Shutdowns 5 | . . . 5 . . Energy Bleed 1 | . . . 1 . . Interference 3 | . . . 3 . . Matter Decay 2 | . . . 2 . . Damage (minor) 1 | . . . 1 . . Damage (major) 8 | . . . 8 . . Siege Activations . | . . . . . . Robots Corrupted . | . . . . . . Combat Hostiles . | . . . . . . Parts Fried 1 | . . 1 . . . Impact Corruptions . | . . . . . . Robots Melted . | . . . . . . Combat Hostiles . | . . . . . . Parts Melted 2 | . . . 1 . 1 Heat Transferred 2679 | 100 200 350 1437 74 518 Parts Sabotaged . | . . . . . . Parts Stolen . | . . . . . . Parts Stripped . | . . . . . . Power Chain Reactions 2 | 1 1 . . . . Missiles Intercepted . | . . . . . . Alert | -11 -10 -9 -8 -7 -7 ------- Run | Scr Mat Mat Mat Fac Low Peak Influence 342 | 15 289 341 342 155 . Initial 140 | . 9 121 98 140 . Average 171 | 4 157 201 214 91 . Maximum Alert Level 1 | . 1 1 1 . . Low Security (%) 59 | 100 65 50 38 100 . Level 1 40 | . 34 49 61 . . Level 2 . | . . . . . . Level 3 . | . . . . . . Level 4 . | . . . . . . Level 5 . | . . . . . . High Security . | . . . . . . Max Security . | . . . . . . Squads Dispatched 7 | . 2 1 3 1 . Investigation . | . . . . . . Extermination 1 | . . . . 1 . Reinforcement 6 | . 2 1 3 . . Assault . | . . . . . . Garrison . | . . . . . . Intercept . | . . . . . . Searches Triggered . | . . . . . . Construction Impeded . | . . . . . . Haulers Reinforced . | . . . . . . Active Scanning Responses . | . . . . . . Cargo Convoy Interrupts . | . . . . . . Stealth | -11 -10 -9 -8 -7 -7 --------- Run | Scr Mat Mat Mat Fac Low Distress Signals 8 | . 1 3 4 . . Communications Jammed . | . . . . . . Distress Signals . | . . . . . . Times Spotted 80 | . 11 15 36 5 13 Peak Tracking Total 6 | . 4 4 6 1 4 Tactical Retreats 7 | . 2 . 4 . 1 Traps | -11 -10 -9 -8 -7 -7 ------- Run | Scr Mat Mat Mat Fac Low Traps Triggered 3 | . . . . 3 . Indirectly . | . . . . . . Trap Hack Attempts . | . . . . . . Triggered . | . . . . . . Disarmed . | . . . . . . Reprogrammed . | . . . . . . Reused . | . . . . . . Traps Extracted . | . . . . . . Installed . | . . . . . . Triggered . | . . . . . . Machines | -11 -10 -9 -8 -7 -7 ---------- Run | Scr Mat Mat Mat Fac Low Machines Disabled 3 | . 1 . 2 . . Max in Single Turn 2 | . 1 . 2 . . Machines Sabotaged . | . . . . . . Garrisons Compromised . | . . . . . . Overloaded Fab Kills . | . . . . . . Hacking | -11 -10 -9 -8 -7 -7 --------- Run | Scr Mat Mat Mat Fac Low Machines Accessed 1 | . . 1 . . . Terminals . | . . . . . . Fabricators . | . . . . . . Repair Stations 1 | . . 1 . . . Recycling Units . | . . . . . . Scanalyzers . | . . . . . . Garrison Access . | . . . . . . Total Hacks 1 | . . 1 . . . Successful 1 | . . 1 . . . Failed . | . . . . . . Catastrophic . | . . . . . . Database Lockouts . | . . . . . . Manual . | . . . . . . Terminals . | . . . . . . Fabricators . | . . . . . . Repair Stations 1 | . . 1 . . . Recycling Units . | . . . . . . Scanalyzers . | . . . . . . Garrison Access . | . . . . . . Terminal Hacks . | . . . . . . Fabricator Hacks . | . . . . . . Repair Station Hacks 1 | . . 1 . . . Scan Component 1 | . . 1 . . . Recycling Unit Hacks . | . . . . . . Scanalyzer . | . . . . . . Garrison Access Hacks . | . . . . . . Unauthorized Hacks . | . . . . . . Terminals . | . . . . . . Fabricators . | . . . . . . Repair Stations . | . . . . . . Recycling Units . | . . . . . . Scanalyzers . | . . . . . . Garrison Access . | . . . . . . Data Cores Recovered . | . . . . . . Used . | . . . . . . Hacking Detections . | . . . . . . Full Trace Events . | . . . . . . Feedback Events . | . . . . . . Feedback Blocked . | . . . . . . Robot Schematics Acquired . | . . . . . . Robots Built . | . . . . . . Authchips . | . . . . . . Time . | . . . . . . Total Robot Build Rating . | . . . . . . Part Schematics Acquired . | . . . . . . Parts Built . | . . . . . . Authchips . | . . . . . . Time . | . . . . . . Total Part Build Rating . | . . . . . . Parts Repaired . | . . . . . . Time . | . . . . . . Parts Recycled . | . . . . . . Recycled Matter . | . . . . . . Retrieved Matter . | . . . . . . Retrieved Components . | . . . . . . Parts Scanalyzed . | . . . . . . Part Schematics Acquired . | . . . . . . Parts Damaged . | . . . . . . Bothacking | -11 -10 -9 -8 -7 -7 ------------ Run | Scr Mat Mat Mat Fac Low Used RIF Installer . | . . . . . . Robots Hacked . | . . . . . . Non-combat . | . . . . . . Combat . | . . . . . . Robot Hacks Applied . | . . . . . . Relay Couplers Released . | . . . . . . Fabnet Peak Effective % . | . . . . . . Robots Rewired . | . . . . . . Allies Hacked . | . . . . . . Hacks Repelled . | . . . . . . Allies | -11 -10 -9 -8 -7 -7 -------- Run | Scr Mat Mat Mat Fac Low Total Allies . | . . . . . . Largest Group . | . . . . . . Highest-Rated Group . | . . . . . . Highest-Rated Ally . | . . . . . . Total Orders . | . . . . . . Ally Attacks . | . . . . . . Total Damage . | . . . . . . Kills . | . . . . . . Allies Corrupted . | . . . . . . Allies Melted . | . . . . . . Intel | -11 -10 -9 -8 -7 -7 ------- Run | Scr Mat Mat Mat Fac Low Robot Analysis Total . | . . . . . . Derelict Logs Recovered . | . . . . . . Drone Launches . | . . . . . . Drone Recoveries . | . . . . . . Exploration | -11 -10 -9 -8 -7 -7 ------------- Run | Scr Mat Mat Mat Fac Low Turns Passed 4082 | 142 295 718 1592 775 560 Spaces Moved 1703 | 75 149 287 668 357 167 Core 43 | 7 . . . . 36 Treads 1017 | 68 149 287 513 . . Legs 642 | . . . 155 356 131 Wheels . | . . . . . . Hover . | . . . . . . Flight 1 | . . . . 1 . Fastest Speed 50 | 50 160 160 160 104 190 Average Speed 192 | 149 160 204 176 189 289 Slowest Speed 650 | 160 160 240 330 260 650 Overloaded Moves . | . . . . . . Propulsion Burnouts . | . . . . . . Robots Hopped . | . . . . . . Cave-ins Triggered . | . . . . . . Exploration Rate (%) 23 | 5 27 29 38 13 28 Regions Visited 5 Branch Regions 1 Pre-discovered Areas . | . . . . . . Known Exits Taken 2 | . . . 1 1 . Unknown Exits Taken 3 | 1 1 1 . . . Scrap Searched 1 | . . . . . 1 Spaces Dug . | . . . . . . Terrain Destroyed 69 | 5 5 . 59 . . Melee . | . . . . . . Projectile 2 | . . . 2 . . AOE 67 | 5 5 . 57 . . Terrain Rammed . | . . . . . . Walls Destroyed . | . . . . . . Machines Disabled . | . . . . . . Actions | -11 -10 -9 -8 -7 -7 --------- Run | Scr Mat Mat Mat Fac Low Total 2217 | 89 183 377 926 444 198 Wait 217 | . 16 44 100 51 6 Move 1698 | 74 148 286 667 356 167 Hop . | . . . . . . Pick Up 29 | 2 6 7 9 5 . Fast Attach 30 | 7 . 2 11 10 . Attach 22 | . . 5 12 4 1 Detach 8 | . . 3 3 2 . Swap 28 | . 2 4 18 4 . Drop 28 | . . 4 17 7 . Fire 139 | 6 11 22 72 4 24 Melee 1 | . . . . 1 . Ram . | . . . . . . Kick . | . . . . . . Crush 17 | . . . 17 . . Escape Stasis . | . . . . . . Rewire . | . . . . . . Trap . | . . . . . . Miscellaneous . | . . . . . . Route ------- -11/Scrapyard -10/Materials -9/Materials -8/Materials -7/Factory -7/Lower Caves History --------- Turn | Location | Event 10 | -11/Scrapyard | Discovered new exit (range 15) 143 | -11/Scrapyard | Entered Materials 316 | -10/Materials | Build established: Mutant 357 | -10/Materials | Discovered new exit (range 16) 438 | -10/Materials | Entered another Materials area 438 | -9/Materials | Evolved 2 slots: Power x1, Utility x1 1132 | -9/Materials | Discovered new exit (range 11) 1156 | -9/Materials | Entered another Materials area 1156 | -8/Materials | Evolved 2 slots: Propulsion x1, Weapon x1 1756 | -8/Materials | Build established: Scavenger-Tank 2161 | -8/Materials | Lost 4 parts (2p1n1w) 2349 | -8/Materials | Lost 10 parts (1p4n2u3w) 2555 | -8/Materials | Build established: Scavenger-Mutant 2601 | -8/Materials | Discovered new exit (range 12) 2747 | -8/Materials | Identified exit to Factory 2748 | -8/Materials | Entered Factory 2748 | -7/Factory | Evolved 2 slots: Utility x2 3420 | -7/Factory | Discovered new exit (range 15) 3485 | -7/Factory | Identified exit to Lower Caves 3523 | -7/Factory | Entered Lower Caves 3868 | -7/Lower Caves | Lost 4 parts (1p3n) 4083 | -7/Lower Caves | Self-destructed Last Messages --------------- 03821_ S-27 Virus destroyed. 03828_ VTOL Module fries itself beyond repair. 03836_ S-27 Virus suffers critical hit (Burn). 03837_ Aluminum Leg destroyed. 03839_ Destroyed VTOL Module. 03840_ System corrupted: Energy discharge (-93). 03842_ S-27 Virus destroyed. 03846_ Lgt. Nuclear Core fries itself beyond repair. 03865_ Acquired 19 matter. 03871_ Acquired 12 matter. 03900_ System corrupted: FCS attempts to trigger Hpw. Shotgun. 03900_ System corrupted: Hpw. Shotgun misfires. 03932_ System corrupted: Heat flow error (+261). 03968_ TSJX%IG3C4HNWL 8L1G240#O